Map: Dreamcatcher LE

Players

Paranoia

  • Race: Terran Terran
  • League: Gold
  • Spawn Location: 11:00

Thomashy - Winner!

  • Race: Protoss Protoss
  • Spawn Location: 5:00

VOD

Have the link to the VOD?

Description

Time

  • Played on: Oct. 29, 2018, 10:23 p.m.
  • Length: 11:52
Show
View Real Time Build Order
Export as new Build Order

Paranoia Terran 

Build Orders: Reaper Expand 

Get SALT Encoding   

  12  0:01  SCV  
  13  0:13  SCV  
  14  0:20  Supply Depot  
  14  0:25  SCV  
  15  0:42  SCV  
  16  0:44  Barracks  
  16  0:48  Refinery  
  16  0:54  SCV  
  17  1:06  SCV  
  18  1:18  SCV  
  19  1:31  Orbital Command  
  19  1:34  Reaper  
  20  1:42  Command Center  
  20  1:53  Barracks  
  20  1:59  SCV  
  21  2:11  SCV, Supply Depot  
  21  2:13  Marine  
  23  2:40  SCV  
  24  2:52  Refinery, Barracks Tech Lab, Barracks  
  24  2:54  Barracks Reactor  
  24  2:58  SCV  
  24  3:02  Supply Depot  
  24  3:03  Engineering Bay  
  25  3:10  SCV  
  25  3:12  Marauder, Concussive Shells  
  28  3:22  SCV  
  29  3:28  Orbital Command  
  29  3:35  SCV  
  30  3:43  Marauder, Marine x2  
  30  3:45  Barracks Reactor  
  30  3:47  SCV  
  35  3:55  Terran Infantry Weapons Level 1, Stimpack  
  35  3:57  SCV  
  35  4:02  SCV  
  37  4:28  Marine x2  
  37  4:29  Marine x2  
  37  4:30  Marauder  
  43  4:34  SCV  
  43  4:46  Marine x2, SCV, Engineering Bay  
  43  4:47  Marine x2  
  43  4:49  Barracks  
  43  4:51  Marauder, Factory  
  50  4:58  SCV, Supply Depot  
  51  5:01  Supply Depot  
  51  5:04  Marine x3  
  54  5:07  Missile Turret  
  54  5:09  Missile Turret  
  54  5:19  Marine  
  54  5:20  Marauder, Terran Infantry Armor Level 1  
  57  5:21  Marine  
  57  5:22  Marine x2  
  60  5:37  Marine  
  60  5:38  Marine  
  60  5:39  Marine  
  60  5:40  Marine x2  
  60  5:41  Marauder  
  67  5:49  Starport  
  67  5:55  Marine  
  67  5:56  Marine, Combat Shield  
  69  5:58  Marine  
  70  6:15  Refinery  
  70  6:17  Refinery  
  64  6:27  Medivac  
  64  6:29  Marauder, Marine x2  
  64  6:31  Barracks Reactor  
  70  6:45  Supply Depot  
  70  6:46  Armory  
  70  7:04  Command Center  
  70  7:06  Medivac, Marine x2, SCV x2  
  76  7:18  SCV x2  
  76  7:21  Factory Tech Lab  
  78  7:55  Supply Depot  
  78  8:01  Marine  
  78  8:02  SCV  
  78  8:03  Marine x2  
  78  8:05  Marauder  
  78  8:07  Marine x2  
  78  8:08  SCV  
  78  8:15  Medivac, Siege Tank, Marine, SCV  
  78  8:19  Marine  
  86  8:20  Bunker, SCV  
  86  8:21  Marine x2  
  86  8:22  Bunker  
  86  8:25  Marine x2  
  86  8:26  Marauder  
  93  8:28  SCV  
  93  8:32  SCV  
  93  8:33  Marine  
  96  8:37  Marine  
  96  8:38  Marine  
  96  8:43  Marine x2  
  96  8:45  Medivac  
  96  8:48  Marauder  
  99  8:52  Bunker  
  99  9:06  Missile Turret  
  99  9:07  Orbital Command  
  99  9:09  Marauder  
  101  9:23  Supply Depot  
  101  9:42  Barracks  
  101  9:45  Siege Tank  
  103  9:48  Missile Turret  
  103  9:53  Medivac  
  103  9:55  Marauder, Marine x2  
  109  10:08  Supply Depot  
  109  10:10  Marine  
  109  10:12  Missile Turret  
  109  10:29  Marine x4  
  109  10:30  Medivac, Marauder  
  109  10:31  Supply Depot  
  109  10:34  Marine  
  117  10:44  Marine  
  115  10:51  Marine  
  115  10:52  Marauder, Siege Tank, Marine x3  
  115  10:54  Supply Depot  
  104  11:02  Marine  
  79  11:07  Marine  
  79  11:09  Marine  
  79  11:10  Marine x2  
  74  11:12  Marine  
  74  11:17  Supply Depot  
  66  11:19  Marine  
Show
View Real Time Build Order
Export as new Build Order

Thomashy Protoss - Winner!

Build Orders: 1 Gate Expand, Zealot Archon 

Get SALT Encoding   

  12  0:00  Probe  
  13  0:12  Probe  
  14  0:18  Pylon  
  14  0:30  Probe  
  15  0:36  Gateway  
  15  0:41  Probe  
  16  0:49  Probe  
  16  0:51  Assimilator  
  17  0:57  Probe  
  18  1:08  Probe  
  19  1:20  Probe  
  19  1:23  Cybernetics Core  
  20  1:38  Nexus  
  20  1:43  Probe  
  21  1:52  Probe  
  21  1:53  Pylon  
  21  1:55  Assimilator  
  22  2:02  Adept  
  22  2:07  Warp Gate  
  24  2:18  Probe  
  25  2:31  Probe  
  26  2:44  Probe  
  27  2:49  Adept  
  29  2:56  Probe  
  30  2:59  Gateway  
  30  3:00  Robotics Facility  
  30  3:03  Twilight Council  
  30  3:09  Probe x2  
  32  3:17  Probe x2  
  32  3:25  Probe  
  32  3:26  Stalker  
  36  3:31  Probe  
  38  3:36  Probe  
  38  3:43  Probe, Observer  
  39  3:49  Probe  
  39  3:55  Probe  
  42  4:01  Probe  
  43  4:07  Probe  
  44  4:13  Probe  
  44  4:14  Pylon  
  44  4:15  Gateway  
  45  4:18  Gateway  
  45  4:19  Probe  
  45  4:23  Immortal  
  45  4:30  Probe  
  46  4:32  Probe  
  51  4:42  Probe  
  51  4:43  Assimilator  
  51  4:44  Probe, Assimilator  
  53  4:54  Forge  
  53  4:57  Probe  
  53  4:59  Pylon  
  54  5:07  Immortal  
  54  5:13  Probe  
  54  5:16  Pylon  
  54  5:17  Probe  
  54  5:18  Charge  
  60  5:24  Templar Archives  
  60  5:26  Pylon  
  60  5:29  Probe  
  61  5:38  Shield Battery  
  61  5:40  Shield Battery, Adept  
  61  5:41  Adept x3  
  69  5:44  Shield Battery  
  69  5:47  Immortal  
  73  6:03  Probe x2  
  75  6:06  Adept  
  73  6:26  Adept x3  
  77  6:37  Psionic Storm  
  77  6:38  Pylon  
  77  6:39  Pylon  
  77  6:41  Pylon  
  77  6:47  Pylon  
  77  6:48  Immortal  
  77  6:53  Protoss Ground Weapons Level 1  
  77  6:58  High Templar, Resonating Glaives  
  77  6:59  High Templar x3  
  89  7:28  Gateway  
  89  7:29  Gateway  
  89  7:31  Gateway  
  89  7:32  Gateway  
  89  7:33  Pylon, High Templar x2  
  89  7:34  Pylon  
  89  7:35  Zealot x2  
  97  7:37  Archon  
  97  7:47  Photon Cannon  
  97  7:48  Photon Cannon  
  97  7:50  Photon Cannon  
  97  7:52  Photon Cannon  
  97  7:56  Warp Prism  
  96  8:23  Adept x2  
  96  8:24  Adept x2  
  104  8:40  Protoss Ground Weapons Level 2  
  104  8:53  Nexus  
  104  8:55  Pylon  
  104  8:57  Pylon  
  104  8:59  High Templar x2  
  104  9:00  High Templar x2  
  104  9:01  Zealot x3  
  118  9:08  Archon x2  
  118  9:11  Pylon  
  118  9:13  Pylon  
  118  9:25  Zealot x4  
  126  9:47  Zealot x2  
  126  9:48  Zealot x6  
  142  10:02  Probe  
  142  10:03  Probe  
  144  10:13  Assimilator  
  144  10:14  High Templar x3  
  144  10:15  Probe x2, Nexus  
  144  10:16  High Templar  
  144  10:17  Pylon  
  144  10:18  Archon  
  144  10:19  Pylon, Assimilator  
  144  10:20  Archon  
  154  10:22  Assimilator  
  154  10:27  Probe, Assimilator  
  155  10:32  Zealot x3  
  155  10:33  Zealot  
  163  10:41  Photon Cannon  
  163  10:42  Shield Battery  
  144  10:53  Zealot x4  
  119  11:12  Zealot  
  119  11:13  Zealot x3  
  119  11:15  Zealot  
  127  11:22  Zealot  
Tags
 
Add a new tag
Caveats
  • Supply blocks, unpowered buildings, or Contaminate may cause inaccurate times.
  • Supply counts are checked every 10 seconds.